AoeStats
← 君士坦丁十一世

Black Forest

510282687Analyzed
4v4 RM · 2d ago on Sep 30, 2026· 52m 37s· 8 players
Game mode
Random Map
Map size
Large (8 player)
Population
200
Speed
Normal
Resources
Standard
Victory
Conquest
Starting age
Dark Age
Ending age
Imperial Age
RankedLock teamsTeams togetherTeam positionsShared explorationLock speedFull tech treeHidden civsTurbo modeCheats
Victory
Defeat
🇨🇳 Varangians · China
1069
+11
🇦🇺 Burmese · Australia
1057
+12
🇦🇺 Mongols · Australia
994
+14
🇦🇷 Bohemians · Argentina
976
+14
🇨🇳 Mongols · China
995
-14
🇩🇪 Goths · Germany
981
-14
943
-12
🇭🇰 Shu · Hong Kong SAR China
901
-11
Mika_168
11:00 Feudal Age
16:40 Castle Age
14:30 Double-Bit Axe
14:27 Horse Collar
20:25 Bow Saw
21:12 Wheelbarrow
26:44 Gold Mining
26:47 Stone Mining
30:44 Imperial Age
29:22 Thumb Ring
29:09 Fletching
29:19 Padded Archer Armor
30:03 Ballistics
29:51 Husbandry
30:01 Bloodlines
30:23 Hand Cart
30:17 Bodkin Arrow
31:21 Stone Shaft Mining
31:23 Gold Shaft Mining
31:11 Leather Archer Armor
31:48 Conscription
31:42 Bracer
32:57 Parthian Tactics
32:57 Heavy Cavalry Archer
33:54 Onager
36:03 Chemistry
35:09 Siege Engineers
36:52 Drill
38:11 Siege Onager
ccpui1203
1:43 Loom
11:38 Feudal Age
11:51 Feudal Age
13:41 Double-Bit Axe
16:15 Castle Age
18:36 Wheelbarrow
24:55 Horse Collar
25:27 Bow Saw
29:19 Imperial Age
29:48 Hand Cart
29:25 Fletching
29:35 Padded Archer Armor
29:19 Treadmill Crane
29:30 Heated Shot
30:01 Ballistics
29:53 Masonry
29:39 Murder Holes
29:48 Heavy Plow
31:43 Fishing Lines
33:37 Chemistry
32:22 Arrowslits
33:25 Town Watch
33:43 Bodkin Arrow
34:03 Leather Archer Armor
34:50 Town Patrol
34:53 Bracer
35:26 Architecture
35:02 Siege Engineers
35:07 Fortified Wall
36:25 Two-Man Saw
35:20 Gillnets
36:47 Bolt Magazine
37:07 Conscription
36:48 Coiled Serpent Array
37:26 Hoardings
37:25 Ring Archer Armor
37:05 Forging
36:55 Scale Mail Armor
37:12 Thumb Ring
36:27 Crossbowman
37:30 Gold Mining
37:33 Stone Mining
38:17 Arbalester
40:05 Squires
39:50 Arson
40:25 Chain Mail Armor
40:41 Guilds
41:01 Coinage
40:16 Pikeman
45:16 Halberdier
andy-klundt
0:31 Loom
14:07 Feudal Age
17:57 Castle Age
16:23 Double-Bit Axe
17:17 Horse Collar
20:42 Wheelbarrow
20:22 Heavy Plow
31:09 Imperial Age
29:33 Hand Cart
29:05 Town Watch
31:06 Scale Mail Armor
31:16 Forging
31:09 Anarchy
31:32 Town Patrol
33:00 Chemistry
32:35 Bow Saw
35:43 Two-Man Saw
35:27 Crop Rotation
36:25 Pikeman
37:06 Squires
36:30 Elite Huskarl
36:43 Sappers
37:36 Conscription
37:15 Halberdier
38:17 Gold Mining
40:45 Chain Mail Armor
君士坦丁十一世
13:08 Feudal Age
14:34 Double-Bit Axe
16:53 Castle Age
18:25 Bow Saw
17:59 Horse Collar
20:11 Heavy Plow
25:41 Wheelbarrow
26:21 Hand Cart
28:36 Gold Mining
30:17 Stone Mining
31:50 Stone Shaft Mining
35:19 Imperial Age
33:16 Ballistics
33:02 Padded Archer Armor
32:52 Fletching
34:16 Forging
34:13 Scale Barding Armor
35:46 Iron Casting
35:49 Bloodlines
35:41 Husbandry
36:05 Chatras
36:09 Elite Rattan Archer
36:17 Elite Battle Elephant
37:40 Paper Money
37:52 Chain Barding Armor
40:37 Chemistry
39:42 Siege Engineers
42:42 Plate Barding Armor
43:47 Leather Archer Armor
43:23 Fletching
46:39 Ring Archer Armor
46:04 Bodkin Arrow
49:06 Bracer
我的哈哈哈
0:52 Loom
11:39 Feudal Age
15:56 Castle Age
14:34 Double-Bit Axe
16:13 Fishing Lines
17:59 Gillnets
17:51 Horse Collar
18:27 Bow Saw
23:04 Gillnets
28:06 Wheelbarrow
28:11 Stone Mining
28:12 Gold Mining
31:16 Imperial Age
28:32 Town Watch
29:04 Hand Cart
29:38 Treadmill Crane
30:34 Scale Barding Armor
30:40 Forging
30:33 Scale Mail Armor
31:46 Chain Barding Armor
31:53 Chain Barding Armor
31:49 Masonry
32:04 Bloodlines
31:55 Husbandry
32:01 Cavalier
33:18 Plate Barding Armor
33:20 Iron Casting
32:59 Town Patrol
34:29 Chemistry
33:12 Vendel Legacy
34:30 Caravan
35:59 Blast Furnace
40:27 Heavy Plow
41:30 Two-Man Saw
46:12 Siege Engineers
46:37 Architecture
46:20 Fortified Wall
46:02 Heated Shot
46:34 Ballistics
46:58 Chain Mail Armor
48:17 Conscription
52:41 Crop Rotation
Inferno-_-
2:55 Loom
13:25 Feudal Age
14:38 Double-Bit Axe
17:52 Castle Age
15:42 Horse Collar
16:45 Fishing Lines
18:47 Bow Saw
24:32 Heavy Plow
26:15 Wheelbarrow
27:38 Gillnets
28:28 Hand Cart
33:44 Imperial Age
31:53 Redemption
32:04 Sanctity
31:55 Fervor
31:49 Caravan
34:46 Chemistry
34:07 Ballistics
33:58 Fortified Wall
33:59 Masonry
33:57 Wagenburg Tactics
33:24 Pikeman
34:04 Squires
34:16 Forging
34:06 Scale Mail Armor
36:04 Iron Casting
35:20 Fletching
36:21 Hussite Reforms
36:37 Conscription
35:38 Elite Hussite Wagon
36:35 Chain Mail Armor
35:49 Halberdier
35:49 Man-at-Arms
35:58 Man-at-Arms
36:56 Heavy Scorpion
36:57 Houfnice
38:03 Long Swordsman
38:29 Arson
39:31 Town Watch
41:01 Illumination
40:51 Block Printing
41:12 Theocracy
40:21 Two-Handed Swordsman
42:06 Siege Engineers
42:41 Architecture
43:20 Champion
49:49 Two-Man Saw
minecraftgirl.2014
11:21 Feudal Age
15:01 Castle Age
12:52 Horse Collar
16:20 Heavy Plow
20:37 Wheelbarrow
23:36 Hand Cart
29:54 Imperial Age
27:33 Caravan
28:57 Forging
28:53 Scale Barding Armor
29:56 Elite Battle Elephant
30:47 Bloodlines
30:38 Husbandry
31:31 Iron Casting
31:17 Chain Barding Armor
31:53 Manipur Cavalry
33:42 Blast Furnace
32:22 Heavy Scorpion
35:15 Plate Barding Armor
36:35 Chemistry
35:56 Ballistics
35:49 Light Cavalry
36:50 Gold Mining
36:50 Stone Mining
domiknocker
0:49 Loom
12:57 Feudal Age
13:30 Double-Bit Axe
17:07 Gold Mining
19:35 Castle Age
20:17 Wheelbarrow
19:29 Town Watch
19:48 Fletching
20:41 Bow Saw
23:02 Horse Collar
28:04 Heavy Plow
32:37 Imperial Age
32:29 Husbandry
32:41 Bloodlines
32:42 Thumb Ring
33:46 Hand Cart
33:32 Town Patrol
35:05 Parthian Tactics
35:06 Conscription
35:33 Ballistics
35:24 Fortified Wall
35:34 Heavy Cavalry Archer
38:24 Chemistry
37:50 Bodkin Arrow
37:57 Padded Archer Armor
38:05 Scale Barding Armor
38:24 Murder Holes
38:41 Masonry
39:48 Caravan
44:05 Bracer
44:21 Leather Archer Armor
44:28 Chain Barding Armor
44:33 Elite Steppe Lancer
46:51 Forging
49:19 Elite Skirmisher
51:32 Hoardings
Connection lost

Rejoining the realm…

Still unreachable

The connection could not be restored.

Session expired

The server has moved on; the page needs a fresh start.